AoeStats
← Hugh Jass

Black Forest

510198922Analyzed
4v4 RM · 2d ago on Sep 29, 2026· 54m 37s· 8 players
Game mode
Random Map
Map size
Large (8 player)
Population
200
Speed
Normal
Resources
Standard
Victory
Conquest
Starting age
Dark Age
Ending age
Imperial Age
RankedLock teamsTeams togetherTeam positionsShared explorationLock speedFull tech treeHidden civsTurbo modeCheats
Victory
Defeat
🇺🇸 Romans · United States
743
+13
🇨🇦 Spanish · Canada
714
+14
🇨🇦 Bohemians · Canada
710
+14
🇲🇽 Britons · Mexico
687
+15
🇦🇷 Huns · Argentina
751
-17
🇧🇴 Bohemians · Bolivia
729
-16
🇨🇱 Georgians · Chile
699
-15
🇫🇷 Byzantines · France
520
-8
MoncusJBAJ
0:52 Loom
14:14 Feudal Age
22:23 Castle Age
21:06 Double-Bit Axe
21:07 Horse Collar
21:28 Man-at-Arms
23:19 Long Swordsman
25:23 Scale Barding Armor
25:19 Scale Mail Armor
25:32 Forging
36:49 Fortified Wall
36:35 Murder Holes
37:01 Scale Barding Armor
37:13 Chain Mail Armor
40:40 Imperial Age
39:39 Bow Saw
39:32 Heavy Plow
39:27 Gold Mining
40:19 Ballistics
40:33 Squires
40:50 Bloodlines
41:37 Chain Barding Armor
41:38 Onager
43:10 Crop Rotation
43:06 Elite Centurion
44:22 Caravan
45:20 Plate Barding Armor
47:01 Iron Casting
47:17 Legionary
49:11 Capped Ram
55:12 Crop Rotation
55:19 Ballistas
vajamian
8:02 Loom
14:57 Feudal Age
15:36 Horse Collar
15:46 Double-Bit Axe
16:41 Wheelbarrow
22:19 Castle Age
23:04 Heavy Plow
23:19 Bow Saw
23:36 Hand Cart
24:19 Fervor
24:32 Caravan
31:50 Imperial Age
33:54 Chemistry
33:06 Fortified Wall
33:06 Masonry
35:50 Conscription
34:52 Elite Conquistador
35:45 Bloodlines
35:44 Husbandry
36:14 Cavalier
36:59 Squires
38:41 Padded Archer Armor
38:31 Fletching
39:42 Leather Archer Armor
39:32 Scale Barding Armor
39:39 Forging
39:29 Scale Mail Armor
40:13 Architecture
41:23 Bodkin Arrow
41:58 Ring Archer Armor
43:59 Bracer
43:33 Paladin
45:13 Chain Mail Armor
45:19 Chain Barding Armor
45:36 Iron Casting
48:22 Plate Barding Armor
Hugh Jass
0:32 Loom
14:04 Feudal Age
20:57 Castle Age
19:06 Double-Bit Axe
21:38 Man-at-Arms
21:40 Pikeman
29:47 Fervor
34:00 Imperial Age
34:08 Chemistry
33:29 Caravan
33:15 Long Swordsman
37:54 Halberdier
37:54 Two-Handed Swordsman
43:37 Murder Holes
51:26 Bow Saw
53:21 Champion
La Morte Noire
11:24 Feudal Age
15:30 Castle Age
13:57 Double-Bit Axe
13:56 Horse Collar
16:23 Wheelbarrow
16:21 Bow Saw
16:59 Bow Saw
18:32 Heavy Plow
24:02 Gold Mining
24:03 Stone Mining
25:45 Gold Shaft Mining
29:49 Imperial Age
27:38 Fletching
27:48 Padded Archer Armor
29:00 Ballistics
29:02 Hand Cart
29:34 Loom
29:47 Bodkin Arrow
30:55 Conscription
30:38 Bracer
30:55 Leather Archer Armor
31:58 Chemistry
32:40 Two-Man Saw
32:55 Ring Archer Armor
32:23 Elite Longbowman
34:02 Yeomen
34:46 Warwolf
35:41 Siege Engineers
38:51 Onager
43:22 Hoardings
42:18 Sappers
fondi.jeanmarc
12:39 Feudal Age
13:59 Wheelbarrow
13:18 Double-Bit Axe
14:32 Horse Collar
14:49 Gold Mining
18:24 Stone Mining
23:21 Castle Age
24:18 Hand Cart
24:09 Heavy Plow
24:25 Bow Saw
24:33 Caravan
32:14 Husbandry
34:05 Stone Shaft Mining
34:06 Gold Shaft Mining
35:06 Man-at-Arms
35:49 Elite Skirmisher
40:34 Imperial Age
Onox17
0:51 Loom
13:18 Feudal Age
18:28 Bloodlines
20:33 Horse Collar
27:41 Castle Age
25:46 Fletching
30:19 Forging
30:15 Scale Barding Armor
34:33 Iron Casting
33:53 Bodkin Arrow
35:53 Chain Barding Armor
36:12 Wheelbarrow
35:23 Town Watch
37:31 Heavy Plow
37:35 Husbandry
40:32 Town Patrol
41:20 Hand Cart
43:33 Murder Holes
43:59 Ballistics
46:19 Imperial Age
46:21 Arson
46:36 Squires
46:22 Gambesons
47:24 Conscription
47:16 Aznauri Cavalry
48:17 Crop Rotation
47:38 Double-Bit Axe
47:46 Gold Mining
47:50 Stone Mining
47:52 Elite Monaspa
55:29 Chemistry
MR
0:26 Loom
12:55 Feudal Age
18:17 Castle Age
17:50 Wheelbarrow
16:57 Horse Collar
17:11 Gold Mining
17:11 Stone Mining
18:24 Double-Bit Axe
19:22 Bow Saw
26:43 Hand Cart
29:07 Caravan
30:20 Gold Shaft Mining
31:21 Scale Barding Armor
31:27 Forging
31:17 Scale Mail Armor
32:51 Chain Barding Armor
33:51 Iron Casting
34:18 Chain Mail Armor
33:51 Pikeman
34:31 Squires
34:01 Light Cavalry
34:53 Bloodlines
34:44 Husbandry
38:11 Imperial Age
35:46 Heavy Plow
37:16 Town Watch
37:36 Padded Archer Armor
37:30 Stone Mining
37:42 Man-at-Arms
38:24 Long Swordsman
38:57 Hussar
39:15 Two-Handed Swordsman
39:46 Cavalier
41:14 Plate Barding Armor
44:07 Blast Furnace
44:36 Leather Archer Armor
44:12 Fletching
45:00 Elite Skirmisher
45:03 Crossbowman
45:49 Thumb Ring
47:35 Bodkin Arrow
48:47 Bracer
51:15 Ballistics
efrainchura70
13:25 Feudal Age
21:32 Castle Age
33:32 Imperial Age
31:52 Double-Bit Axe
31:50 Horse Collar
35:26 Wheelbarrow
34:55 Caravan
35:25 Forging
35:15 Scale Mail Armor
35:20 Scale Barding Armor
35:16 Padded Archer Armor
35:06 Fletching
34:57 Pikeman
36:38 Heavy Plow
37:43 Bow Saw
38:44 Chemistry
38:05 Ballistics
39:19 Coinage
38:59 Guilds
40:16 Husbandry
39:36 Light Cavalry
41:18 Wagenburg Tactics
41:57 Iron Casting
41:37 Chain Mail Armor
41:42 Chain Barding Armor
41:38 Leather Archer Armor
41:18 Bodkin Arrow
43:22 Bombard Tower
44:22 Two-Man Saw
43:13 Heavy Scorpion
43:22 Cavalier
45:51 Blast Furnace
45:22 Plate Mail Armor
45:07 Leather Archer Armor
44:47 Bodkin Arrow
47:36 Halberdier
Connection lost

Rejoining the realm…

Still unreachable

The connection could not be restored.

Session expired

The server has moved on; the page needs a fresh start.